 Dungeon Crawl Stone Soup version 0.18-a0-1774-gce1f7b6 (webtiles) character file.

273 Duffy the Ruffian (level 6, -5/34 HPs)
             Began as a Gargoyle Transmuter on Apr 15, 2016.
             Slain by an orc
             ... wielding a +0 falchion
              (6 damage)
             ... on level 4 of the Dungeon.
             The game lasted 00:04:42 (4723 turns).

Duffy the Ruffian (Gargoyle Transmuter)             Turns: 4723, Time: 00:04:43

Health: -5/34      AC:  2    Str: 13    XL:     6   Next: 24%
Magic:  6/9        EV: 19    Int: 16    God:
Gold:   178        SH:  0    Dex: 17    Spells: 2 memorised, 5 levels left

rFire  . . .     SeeInvis .       - Unarmed
rCold  . . .     Gourm    +     (armour currently unavailable)
rNeg   + . .     Faith    .     (shield currently unavailable)
rPois  ∞         Spirit   .     (helmet currently unavailable)
rElec  .         Dismiss  .     (cloak currently unavailable)
rCorr  .         Reflect  .     (gloves currently unavailable)
SustAt .         Harm     .     (boots currently unavailable)
MR     .....                    a - amulet of the gourmand
Stlth  ++........               s - +2 ring of intelligence
                                o - ring of wizardry

@: spider-form, not resistant to hostile enchantments, unstealthy
A: negative energy resistance 1, (electricity resistance), (unbreathing),
petrification resistance, rot immunity, AC +4
a: End Transformation


You were on level 4 of the Dungeon.
You were full.
You were a venomous arachnid creature.
You visited 1 branch of the dungeon, and saw 4 of its levels.

You collected 178 gold pieces.


Innate Abilities, Weirdness & Mutations

You are resistant to torment.
((Your stone body is resilient (AC +4).))
You are immune to poison.
You resist negative energy.
((You are resistant to electric shocks.))
((You can survive without breathing.))
You are immune to petrification.
You are immune to rotting.


   Skills:
 - Level 1.2 Fighting
 - Level 1.5 Dodging
 + Level 6.1 Unarmed Combat
 - Level 2.0 Spellcasting
 - Level 2.0 Transmutations
 - Level 2.0 Poison Magic


You had 5 spell levels left.
You knew the following spells:

 Your Spells              Type           Power        Failure   Level  Hunger
a - Beastly Appendage     Trmt           #.....       10%         1    #......
l - Spider Form           Trmt/Pois      #.........   22%         3    ###....

Inventory:

Armour
 b - a +0 robe (melded)
 r - a cursed -2 helmet (melded)
 v - a +0 helmet
Jewellery
 a - an amulet of the gourmand (around neck)
 o - a ring of wizardry (left front leg)
 s - a +2 ring of intelligence (right front leg)
Wands
 p - a wand of acid (5/15)
 w - a wand of iceblast (4/15)
Scrolls
 f - a scroll of immolation {unknown}
 g - a scroll of identify {unknown}
 h - 2 scrolls of teleportation {unknown}
 j - 2 scrolls of blinking {unknown}
Potions
 e - a potion of mutation {unknown}
 i - a potion of resistance {unknown}
 l - a potion of degeneration {unknown}
 m - a potion of curing {unknown}
 q - a potion of invisibility {unknown}
 t - a potion of heal wounds {unknown}
Books
 c - a book of Changes
Comestibles
 d - 2 bread rations
 k - 3 beef jerkies
 n - 2 royal jellies
 u - a slice of pizza

Dungeon Overview and Level Annotations

Branches:
Dungeon (4/15)
 Temple: D:4-7

Altars:
Dithmenos
Sif Muna


Message History

The orc closely misses you. The orc hits you with a falchion.
The orc hits you with a mace.
You are too injured to fight recklessly!
You are too injured to fight recklessly!
You are too injured to fight recklessly!
You are too injured to fight recklessly!
You are too injured to fight recklessly!
You are too injured to fight recklessly!
You are too injured to fight recklessly!
You are too injured to fight recklessly!
You are too injured to fight recklessly!
You are too injured to fight recklessly!
You are too injured to fight recklessly!
You are too injured to fight recklessly!
You are too injured to fight recklessly!
You are too injured to fight recklessly!
You are too injured to fight recklessly!
You are too injured to fight recklessly!
You are too injured to fight recklessly!
You are too injured to fight recklessly!
You are too injured to fight recklessly!
Cast which spell? (? or * to list)
You turn into a venomous arachnid creature.
Your cursed -2 helmet melds into your body.
Your +0 robe melds into your body.
The orc priest mumbles some strange prayers to Beogh against you.
Beogh smites you! The orc completely misses you. The orc misses you.
You hit the orc priest.
The orc priest is lightly wounded.
The orc misses you.
The orc priest hits you with a hand axe.
You barely miss the orc priest.
The orc priest is lightly wounded.
The orc closely misses you. The orc hits you with a falchion.
You die...

#. #. ### #.# #.##.. #.#
#.##.# #.# #..#.# ###
#.# #..#.## .... #.#
#.....##.....
#.#####....)o......
#......#.>.so....[.
######..###.#...oo#.....
........# #......## .##
#######.# #.######
#.....# ###.### #.# # #


You could see an orc priest and 3 orcs.

Action                   |  1- 3 |  4- 6 || total
-------------------------+-------+-------++-------
Melee: Unarmed           |   168 |   206 ||   374
       Punch             |     1 |     1 ||     2
 Cast: Spider Form       |       |     5 ||     5
 Stab: Distracted        |       |     1 ||     1
  Eat: Chunk             |    13 |     5 ||    18
Armor: Robe              |    66 |    28 ||    94
       Skin              |       |     4 ||     4
Dodge: Dodged            |   140 |   118 ||   258

Notes
Turn   | Place    | Note
--------------------------------------------------------------
     0 | D:1      | Duffy the Gargoyle Transmuter began the quest for the Orb.
     0 | D:1      | Reached XP level 1. HP: 12/12 MP: 3/3
   517 | D:1      | Reached XP level 2. HP: 16/16 MP: 5/5
   717 | D:1      | Reached skill level 2 in Transmutations
  1472 | D:2      | Reached XP level 3. HP: 19/20 MP: 6/6
  1496 | D:2      | Learned a level 3 spell: Spider Form
  1717 | D:2      | Reached skill level 4 in Unarmed Combat
  2092 | D:2      | Reached skill level 1 in Poison Magic
  2092 | D:2      | Reached XP level 4. HP: 25/25 MP: 7/7
  2841 | D:3      | Found a shadowy altar of Dithmenos.
  3129 | D:3      | Reached XP level 5. HP: 29/29 MP: 8/8
  3300 | D:3      | Reached skill level 2 in Poison Magic
  3436 | D:3      | Noticed Robin
  3453 | D:3      | Reached skill level 5 in Unarmed Combat
  3458 | D:3      | Killed Robin
  4177 | D:4      | Found a deep blue altar of Sif Muna.
  4393 | D:4      | Noticed an ogre
  4400 | D:4      | Killed an ogre
  4400 | D:4      | Reached skill level 6 in Unarmed Combat
  4400 | D:4      | Reached XP level 6. HP: 34/34 MP: 2/9
  4723 | D:4      | Slain by an orc

Vault maps used:
D:1:      sevenhm_arrival_forest_fort_small_3
D:3:      grunt_dithmenos_smoke, uniq_robin
D:4:      lemuel_blue_sif_altar, minmay_temple_entry_crystal_x, first_bread,
          hangedman_abyss_or_decor_lesser_grid

Vanquished Creatures
  An ogre
  An iguana Robin
  4 adders
  3 oozes
  3 worms
  A dart slug
  3 giant geckos
  7 orcs
  4 bats
  5 giant cockroaches
  13 goblins
  14 hobgoblins
  5 giant newts
  A jackal skeleton
  15 kobolds
  4 rats
85 creatures vanquished.
